 Dungeon Crawl Stone Soup version 0.20-a0-1116-gaa52201 (webtiles) character file.

124 Lochraine the Stinger (level 4, -2/30 HPs)
             Began as a Demonspawn Venom Mage on May 7, 2017.
             Slain by a centaur (6 damage)
             ... on level 3 of the Dungeon.
             The game lasted 00:05:39 (2993 turns).

Lochraine the Stinger (Demonspawn Venom Mage)       Turns: 2993, Time: 00:05:39

Health: -2/30      AC:  3    Str: 10    XL:     4   Next: 81%
Magic:  5/8        EV: 11    Int: 16    God:
Gold:   82         SH:  0    Dex: 13    Spells: 5/8 levels left

rFire    . . .     SeeInvis .   l - +0 dagger (drain)
rCold    . . .     Gourm    .   (no shield)
rNeg     . . .     Faith    .   j - +0 leather armour
rPois    .         Spirit   .   (no helmet)
rElec    .         Reflect  .   (no cloak)
rCorr    .         Harm     .   (no gloves)
MR       .....                  (no boots)
Stlth    +.........             (no amulet)
Regen    0.1/turn               (no ring)
MPRegen  0.2/turn               (no ring)

@: no status effects
A: hooves 2, demonic guardian 1
a: no special abilities


You were on level 3 of the Dungeon.
You were hungry.

You visited 1 branch of the dungeon, and saw 3 of its levels.

You collected 82 gold pieces.

Inventory:

Hand Weapons
 e - a +0 dagger
 h - a +0 short sword
 l - a +0 dagger of draining (weapon)
Missiles
 d - 77 stones (quivered)
Armour
 a - a +0 robe
 j - a +0 leather armour (worn)
 p - a +0 ring mail
Scrolls
 g - 6 scrolls of identify {unknown}
 n - a scroll of enchant weapon {unknown}
 o - a scroll of remove curse {unknown}
 r - a scroll of teleportation {unknown}
 s - a scroll of recharging {unknown}
 t - a scroll of amnesia {unknown}
 w - a scroll of fear {unknown}
Potions
 f - a potion of heal wounds {unknown}
 k - a potion of curing {unknown}
 q - a potion of haste {unknown}
 v - a potion of resistance {unknown}
Books
 b - a Young Poisoner's Handbook

   Spells                             Type                      Level
   a - Sting                          Conjuration/Poison           1
   b - Poisonous Vapours              Poison/Air                   2
   c - Mephitic Cloud                 Conjuration/Poison/Air       3
   d - Olgreb's Toxic Radiance        Poison                       4
   e - Venom Bolt                     Conjuration/Poison           5
Comestibles
 c - 3 bread rations
 i - a fruit
 m - a royal jelly


   Skills:
 - Level 1.7 Dodging
 - Level 1.7 Stealth
 + Level 2.9 Spellcasting
 + Level 2.8 Conjurations
 + Level 4.2 Poison Magic


You had 5 spell levels left.
You knew the following spells:

 Your Spells              Type           Power        Failure   Level  Hunger
a - Sting                 Conj/Pois      ##..         6%          1    #......
b - Poisonous Vapours     Pois/Air       #.....       16%         2    ##.....


Dungeon Overview and Level Annotations

Branches:
Dungeon (3/15)

Altars:
Ru


Innate Abilities, Weirdness & Mutations

You have hoof-like feet.
A weak demonic guardian rushes to your aid.


Message History

Casting: Sting
Confirm with . or Enter, or press ? or * to list all spells.
Aiming: Sting
Press: ? - help, Shift-Dir - straight line, f/p - centaur
Aim: a centaur (lightly wounded, poisoned)
The sting hits the centaur.
The centaur looks even sicker.
The centaur is moderately wounded.
The centaur barely misses you.
Your iron imp closely misses the centaur.
Casting: Sting
Confirm with . or Enter, or press ? or * to list all spells.
Aiming: Sting
Press: ? - help, Shift-Dir - straight line, f/p - centaur
Aim: a centaur (moderately wounded, poisoned)
The sting hits the centaur.
The centaur looks even sicker.
The centaur is moderately wounded.
The centaur hits you!
* * * LOW HITPOINT WARNING * * *
The centaur hits you.
You die...

...######....#
.........###.##
#.####.## ##.## .## #.#
#.## ##.# .... #.# #.#
#.# ..... #.# #.## ##.#
......####.####.##
##.##
.................###>##
......##@########...##
.[.....5c# #..##
.....##### #..# ##.
#..## # #...# #...#
#...## #....#
#######..##


You could see a centaur and a friendly iron imp.

Vanquished Creatures
  4 adders
  An ooze (D:3)
  3 worms
  3 dart slugs
  A leopard gecko (D:1)
  5 orcs (D:3)
  A ball python (D:2)
  10 bats
  5 giant cockroaches
  4 goblins
  6 hobgoblins
  2 jackals (D:2)
  6 kobolds
  3 frilled lizards (D:1)
  9 rats
63 creatures vanquished.

Notes
Turn   | Place    | Note
-------+----------+-------------------------------------------
     0 | D:1      | Lochraine the Demonspawn Venom Mage began the quest for the Orb.
     0 | D:1      | Reached XP level 1. HP: 13/13 MP: 3/3
   302 | D:1      | Gained mutation: A weak demonic guardian rushes to your aid. [demonic ancestry]
   302 | D:1      | Reached XP level 2. HP: 19/19 MP: 0/5
  1051 | D:1      | Gained mutation: You have large cloven feet. [demonic ancestry]
  1051 | D:1      | Reached XP level 3. HP: 20/24 MP: 6/6
  1846 | D:2      | Gained mutation: You have hoof-like feet. [demonic ancestry]
  1846 | D:2      | Reached XP level 4. HP: 18/30 MP: 2/8
  1956 | D:2      | Found a sacrificial altar of Ru.
  2039 | D:2      | Learned a level 2 spell: Poisonous Vapours
  2221 | D:2      | Reached skill level 4 in Poison Magic
  2986 | D:3      | Noticed a centaur
  2993 | D:3      | Slain by a centaur

Vault maps used:
D:1:      dpeg_arrival_rhombi, st_stairs_14, serial_bayou_pond_c
D:2:      marbit_many_paths, first_bread, grunt_ministairs_7,
          kennysheep_minor_cross

Skill      XL: |  1  2  3  4 |
---------------+-------------+-----
Conjurations   | 2 |  2.8
Poison Magic   | 4 |  4.2
Dodging        | |  1.7
Stealth        | |  1.7
Spellcasting   | |  2.9

Action                   |  1- 3 |  4- 6 || total
-------------------------+-------+-------++-------
Melee: Unarmed           |    37 |       ||    37
       Short sword       |    38 |       ||    38
       Dagger            |    24 |    48 ||    72
       Kick              |     6 |    10 ||    16
 Cast: Sting             |    63 |    37 ||   100
 Stab: Sleeping          |     2 |     1 ||     3
  Eat: Chunk             |     4 |     3 ||     7
Armor: Robe              |    26 |       ||    26
       Leather armour    |     8 |     6 ||    14
Dodge: Dodged            |   101 |    40 ||   141
